AoeStats
← Martini Bianco

Arabia

506718323Analyzed
2v2 RM · 18d ago on Sep 14, 2026· 33m 57s· 4 players
Game mode
Random Map
Map size
Medium (4 player)
Population
200
Speed
Normal
Resources
Standard
Victory
Conquest
Starting age
Dark Age
Ending age
Imperial Age
RankedLock teamsTeams togetherTeam positionsShared explorationLock speedFull tech treeHidden civsTurbo modeCheats
Victory
Defeat
🇩🇪 Vietnamese · Germany
1188
+13
🇩🇪 Romans · Germany
1160
+14
🇩🇪 Ethiopians · Germany
1135
-14
🇩🇪 Mongols · Germany
1118
-13
Chewbacca08
7:22 Loom
9:44 Feudal Age
17:06 Horse Collar
17:48 Double-Bit Axe
22:26 Castle Age
20:15 Horse Collar
27:37 Wheelbarrow
Martini Bianco
7:13 Loom
9:13 Feudal Age
10:34 Double-Bit Axe
14:14 Bloodlines
14:32 Forging
16:25 Horse Collar
20:32 Castle Age
19:09 Scale Barding Armor
21:41 Husbandry
22:56 Iron Casting
27:07 Town Watch
28:35 Chain Barding Armor
30:17 Fletching
Kampfschafadmiral
7:18 Loom
10:03 Feudal Age
10:47 Man-at-Arms
12:54 Scale Mail Armor
17:16 Double-Bit Axe
20:49 Castle Age
19:18 Horse Collar
19:42 Fletching
21:52 Bow Saw
21:33 Long Swordsman
22:52 Gold Mining
26:19 Wheelbarrow
26:10 Pikeman
33:41 Stone Mining
DS
9:04 Loom
11:26 Feudal Age
16:20 Castle Age
14:28 Double-Bit Axe
14:26 Horse Collar
17:42 Bow Saw
17:27 Crossbowman
22:53 Fletching
25:29 Bodkin Arrow
26:27 Ballistics
26:49 Padded Archer Armor
26:15 Pikeman
28:33 Thumb Ring
29:12 Wheelbarrow
28:55 Leather Archer Armor
28:46 Heavy Plow
34:01 Hand Cart
Connection lost

Rejoining the realm…

Still unreachable

The connection could not be restored.

Session expired

The server has moved on; the page needs a fresh start.